 Dungeon Crawl Stone Soup version 0.23.0 (webtiles) character file.

Game seed: 10423335800667565794

3111 Lovchig the Cleaver (level 9, -8/81 HPs)
             Began as a Deep Dwarf Fighter on Feb 14, 2019.
             Was a Follower of Makhleb.
             Mangled by an ogre
             ... wielding a +0 antimagic giant club
              (18 damage)
             ... on level 7 of the Dungeon.
             The game lasted 00:15:08 (4334 turns).

Lovchig the Cleaver (Deep Dwarf Fighter)            Turns: 4334, Time: 00:15:09

Health: -8/81      AC: 13    Str: 22    XL:     9   Next: 60%
Magic:  0/7        EV:  8    Int:  9    God:    Makhleb [*.....]
Gold:   350        SH: 11    Dex: 13    Spells: 8/8 levels left

rFire    + . .     SeeInvis .   y - +0 war axe (chop)
rCold    . . .     Gourm    .   c - +0 shield
rNeg     . . .     Faith    .   l - +0 chain mail (curse)
rPois    .         Spirit   +   (no helmet)
rElec    .         Reflect  .   v - +2 cloak {MR+}
rCorr    .         Harm     .   (no gloves)
MR       +++..     Clarity  +   (no boots)
Stlth    ..........             e - amulet of guardian spirit
HPRegen  0.00/turn              o - ring of protection from magic
MPRegen  0.10/turn              k - ring of protection from fire

@: non-regenerating
A: damage resistance, heal wounds, clarity, sense surroundings 2, no
regeneration
a: Heal Wounds, Renounce Religion


You were on level 7 of the Dungeon.
You worshipped Makhleb.
Makhleb was aware of your devotion.
You were not hungry.

You visited 2 branches of the dungeon, and saw 8 of its levels.

You collected 350 gold pieces.

Inventory:

Hand Weapons
 y - a +0 war axe of chopping (weapon)
Armour
 c - a +0 shield (worn)
 l - a cursed +0 chain mail (worn)
 v - a +2 cloak of magic resistance (worn)
Jewellery
 e - an amulet of guardian spirit (around neck)
 k - a ring of protection from fire (right hand)
 o - a ring of protection from magic (left hand)
Wands
 t - a wand of random effects (12)
 u - a wand of enslavement (8)
 x - a wand of flame (17)
Scrolls
 h - 3 scrolls of amnesia
 i - 5 scrolls of remove curse
 n - 2 scrolls of fear
 q - a scroll of blinking
 s - 2 scrolls of teleportation
 A - a scroll of magic mapping
Potions
 a - 2 potions of brilliance
 b - a potion of invisibility
 d - 2 potions of might
 g - a potion of flight {unknown}
 j - a potion of heal wounds {unknown}
 m - 6 potions of curing
 p - a potion of degeneration {unknown}
 r - 2 potions of berserk rage {unknown}
 z - a potion of ambrosia {unknown}
Comestibles
 f - 15 rations
 w - 15 chunks of flesh


   Skills:
 * Level 5.5 Fighting
 * Level 9.5 Axes
 * Level 7.0 Armour
 * Level 4.7 Dodging
 * Level 6.8 Shields


You had 8 spell levels left.
You didn't know any spells.
Your spell library was empty.

Dungeon Overview and Level Annotations

Branches:
Dungeon (7/15)             Temple (1/1) D:4

Altars:
Ashenzari
Cheibriados
Dithmenos
Elyvilon
Fedhas
Gozag
Hepliaklqana
Kikubaaqudgha
Makhleb
Nemelex Xobeh
Okawaru
Qazlal
Trog
Uskayaw
Vehumet
Wu Jian
Xom
Yredelemnul
The Shining One

Shops:
D:5 *


Innate Abilities, Weirdness & Mutations

You are resistant to damage.
You can heal yourself by infusing magical energy.
You passively map the area around you.
You do not regenerate.
You possess an exceptional clarity of mind.


Message History

You hit the eye of draining but do no damage.
You hit the ogre but do no damage. You block the ogre's attack.
You block the sky beast's attack.
You slash the eye of draining!
The eye of draining is heavily wounded.
You hit the ogre. You miss the sky beast.
The ogre hits you with a +0 antimagic giant club!!
The sky beast hits you. The sky beast shocks you.
The eye of draining gazes at you.
You hit the eye of draining.
The eye of draining is heavily wounded.
You closely miss the sky beast. You hit the ogre but do no damage.
You block the sky beast's attack.
The ogre hits you with a +0 antimagic giant club!
* * * LOW HITPOINT WARNING * * *
You slash the eye of draining!
The eye of draining is almost dead.
You hit the sky beast. You hit the ogre. You block the sky beast's attack.
The ogre hits you with a +0 antimagic giant club!!
You die...

#########
........######### **
*
#######.........####
########.....# * * *
#.##@..#* * ,
..##OGY..# , *
#.##.8...8.# ** #.
#.......# , , #.. .
#.......# ,,, #.#* #
##.._..## , * #.# ,
,##...##, , #.#
,##### , #.# * , **
,


You could see an eye of draining, a sky beast and an ogre.

Vanquished Creatures
  A two-headed ogre (D:7)
  A troll (D:6)
  A steam dragon (D:6)
  The ghost of fartymcfart the Magician, an amateur DsWn (D:3)
  2 orc warriors
  3 sky beasts (D:6)
  A necrophage (D:6)
  An ogre (D:4)
  3 centaurs
  A bullfrog (D:6)
  A scorpion (D:4)
  5 killer bees (D:3)
  A howler monkey (D:6)
  A crimson imp (D:6)
  A bullfrog zombie (D:5)
  A jelly (D:6)
  2 orc priests (D:7)
  2 bullfrog skeletons (D:6)
  2 hounds
  5 orc wizards
  An iguana (D:6)
  Terence (D:3)
  4 worker ants
  A hound zombie (D:5)
  A hound skeleton (D:4)
  A worker ant zombie (D:4)
  A gnoll (D:5)
  8 adders
  A shadow imp (D:6)
  An ooze (D:2)
  A dart slug (D:2)
  2 leopard geckos
  28 orcs
  9 bats
  2 giant cockroaches
  3 hobgoblins
  6 jackals
  3 quokkas
  A ball python (D:2)
  7 frilled lizards
  10 goblins
  4 kobolds
  A leopard gecko skeleton (D:4)
  6 rats
139 creatures vanquished.

Notes
Turn   | Place    | Note
-------+----------+-------------------------------------------
     0 | D:1      | Lovchig the Deep Dwarf Fighter began the quest for the Orb.
     0 | D:1      | Reached XP level 1. HP: 20/20 MP: 1/1
   519 | D:2      | Reached XP level 2. HP: 27/27 MP: 2/2
   588 | D:2      | Reached XP level 3. HP: 30/34 MP: 3/3
   988 | D:2      | Reached skill level 1 in Dodging
  1171 | D:2      | Reached skill level 3 in Axes
  1441 | D:3      | Noticed a killer bee
  1441 | D:3      | Noticed a killer bee
  1442 | D:3      | Noticed a killer bee
  1442 | D:3      | Noticed a killer bee
  1442 | D:3      | Noticed a killer bee
  1445 | D:3      | Reached XP level 4. HP: 34/42 MP: 0/4
  1461 | D:3      | Reached XP level 5. HP: 19/49 MP: 0/5
  1478 | D:3      | Reached skill level 4 in Axes
  1558 | D:3      | Reached XP level 6. HP: 30/56 MP: 0/6
  1613 | D:3      | Noticed Terence
  1621 | D:3      | Killed Terence
  2008 | D:3      | Noticed fartymcfart's ghost (amateur DsWn)
  2011 | D:3      | Found a runed translucent door.
  2057 | D:3      | Found a blossoming altar of Fedhas.
  2114 | D:3      | Killed fartymcfart's ghost
  2173 | D:4      | Reached skill level 5 in Axes
  2276 | D:4      | Reached XP level 7. HP: 36/63 MP: 0/7
  2372 | D:4      | Found a staircase to the Ecumenical Temple.
  2382 | Temple   | Entered the Ecumenical Temple
  2451 | Temple   | Became a worshipper of Makhleb the Destroyer
  2678 | D:4      | Reached skill level 5 in Shields
  2703 | D:4      | Reached skill level 6 in Axes
  2703 | D:4      | Reached skill level 5 in Armour
  2815 | D:4      | Gained mutation: You have an increased reservoir of magic.
                  | (+10% MP) [potion of mutation]
  2815 | D:4      | Lost mutation: You have an increased reservoir of magic.
                  | (+10% MP) [potion of mutation]
  2815 | D:4      | Gained mutation: You possess an exceptional clarity of
                  | mind. [potion of mutation]
  2845 | D:5      | Entered Level 5 of the Dungeon
  2847 | D:5      | Found a basalt altar of Yredelemnul.
  2894 | D:5      | Found an opulent altar of Gozag.
  3339 | D:5      | Found Akott's General Store.
  3423 | D:5      | Reached XP level 8. HP: 25/72 MP: 0/8
  3656 | D:6      | Reached skill level 7 in Axes
  3736 | D:6      | Noticed a troll
  3762 | D:6      | Reached * piety under Makhleb
  3810 | D:6      | Reached skill level 8 in Axes
  3820 | D:6      | HP: 2/72 [troll (6)]
  3838 | D:6      | Killed a troll
  3838 | D:6      | Reached skill level 5 in Fighting
  3844 | D:6      | Gained mutation: You passively map the area around you.
                  | [Deep Dwarf growth]
  3844 | D:6      | Reached XP level 9. HP: 49/81 MP: 0/8
  3986 | D:6      | Found a shimmering altar of Xom.
  4010 | D:6      | Found a shimmering altar of Xom.
  4201 | D:7      | Found an iron altar of Okawaru.
  4231 | D:7      | Noticed a two-headed ogre
  4250 | D:7      | Killed a two-headed ogre
  4250 | D:7      | Reached skill level 9 in Axes
  4325 | D:7      | Found a bloodstained altar of Trog.
  4334 | D:7      | Mangled by an ogre

Skill      XL: |  1  2  3  4  5  6  7  8  9 |
---------------+----------------------------+-----
Fighting       | 3 4 5 |  5.5
Dodging        | 1 2 3 4 |  4.7
Axes           | 3 4 5 6 8 9 |  9.5
Armour         | 4 5 6 7 |  7.0
Shields        | 4 5 6 |  6.8

Action                   |  1- 3 |  4- 6 |  7- 9 || total
-------------------------+-------+-------+-------++-------
Melee: War axe           |   115 |   143 |   354 ||   612
 Abil: Heal Wounds       |       |     6 |    14 ||    20
  Use: Scroll            |     5 |     1 |     7 ||    13
       Potion            |       |       |     1 ||     1
  Eat: Chunk             |     2 |     3 |     7 ||    12
Armor: Scale mail        |    57 |    29 |       ||    86
       Chain mail        |       |    40 |   201 ||   241
Dodge: Dodged            |    35 |    54 |   100 ||   189
Block: Shield            |    61 |   104 |   206 ||   371
